 Dungeon Crawl Stone Soup version 0.23.1 (webtiles) character file.

Game seed: 5307092847866810689

14 Borgoz the Sneak (level 2, -2/21 (22) HPs)
             Began as a Ghoul Enchanter on Mar 3, 2019.
             Slain by a kobold
             ... wielding a +0 dagger
              (3 damage)
             ... on level 1 of the Dungeon.
             The game lasted 00:00:45 (298 turns).

Borgoz the Sneak (Ghoul Enchanter)                   Turns: 298, Time: 00:00:46

HP:   -2/21 (22)    AC:  2    Str: 11    XL:     2   Next: 45%
MP:   3/3           EV: 12    Int: 10    God:
Gold: 13            SH:  0    Dex:  9    Spells: 3/4 levels left

rFire    . . .     SeeInvis .   a - +1 dagger
rCold    + . .     Gourm    .   (no shield)
rNeg     + + +     Faith    .   b - +0 robe
rPois    ∞         Spirit   .   (no helmet)
rElec    .         Reflect  .   (no cloak)
rCorr    .         Harm     .   (no gloves)
MR       .....                  (no boots)
Stlth    ++........             (no amulet)
HPRegen  0.00/turn              (no ring)
MPRegen  0.08/turn              (no ring)

@: rotting
A: rotting body, claws 1, carnivore, cold resistance 1, negative energy
resistance 3, inhibited regeneration, torment resistance, unbreathing
a: no special abilities


You were on level 1 of the Dungeon.
You were not hungry.

You visited 1 branch of the dungeon, and saw 1 of its levels.

You collected 13 gold pieces.

Inventory:

Hand Weapons
 a - a +1 dagger (weapon)
Armour
 b - a +0 robe (worn)
Comestibles
 d - a ration


   Skills:
 + Level 0.6 Fighting
 * Level 1.3 Short Blades
 + Level 0.4 Armour
 * Level 2.1 Dodging
 - Level 3.2 Stealth
 - Level 1.7 Spellcasting
 - Level 2.4 Hexes


You had 3 spell levels left.
You knew the following spells:

 Your Spells              Type           Power        Failure   Level  Hunger
a - Corona                Hex            #......      12%         1    ##.....

Your spell library contained the following spells:

 Spells                   Type           Power        Failure   Level  Hunger
 Ensorcelled Hibernation  Hex/Ice        #.....       30%         2    ###....
 Confuse                  Hex            #.......     34%         3    ####...
 Tukima's Dance           Hex            #.......     34%         3    ####...
 Dazzling Spray           Conj/Hex       #.....       52%         3    ####...


Dungeon Overview and Level Annotations

Branches:
Dungeon (1/15)

Altars:


Innate Abilities, Weirdness & Mutations

Your body is rotting away.
You thrive on raw meat.
You are immune to poison.
You have sharp fingernails.
You are carnivorous and can eat meat at any time.
Your flesh is cold resistant. (rC+)
You are immune to negative energy. (rN+++)
You do not regenerate when monsters are visible.
You are immune to unholy pain and torment.
You can survive without breathing.


Message History

The goblin is moderately wounded.
The goblin hits you.
* * * LOW HITPOINT WARNING * * *
You hit the goblin.
You kill the goblin!
Okay, then.
You closely miss the kobold. The kobold hits you but does no damage.
You hit the kobold.
You kill the kobold!
You feel your flesh rotting away.
You closely miss the kobold. The kobold hits you with a +0 dagger.
* * * LOW HITPOINT WARNING * * *
You hit the kobold but do no damage. The kobold closely misses you.
You hit the kobold.
The kobold is moderately wounded.
The kobold hits you but does no damage.
You barely miss the kobold.
The kobold is moderately wounded.
The kobold hits you with a +0 dagger.
You die...

................
########'####### #.#
#.# #.# #.# #.#
#K##### #.@...# ##
#+ #+######.# .. .
#..<# #.# .# .#
+#'######.# .###.
##..#......# .#..
+#'###.###### .#.#
##..#.......... .#.#
+#'###.#########
...####..#..........


You could see a kobold.

Vanquished Creatures
  An ooze (D:1)
  A giant cockroach (D:1)
  2 goblins (D:1)
  2 kobolds (D:1)
  A bat (D:1)
  A frilled lizard (D:1)
  2 rats (D:1)
10 creatures vanquished.

Notes
Turn   | Place    | Note
-------+----------+-------------------------------------------
     0 | D:1      | Borgoz the Ghoul Enchanter began the quest for the Orb.
     0 | D:1      | Reached XP level 1. HP: 14/14 MP: 2/2
    30 | D:1      | Reached skill level 1 in Short Blades
    82 | D:1      | Reached XP level 2. HP: 2/22 MP: 3/3
   295 | D:1      | HP: 1/21 [kobold/+0 dagger (3)]
   298 | D:1      | Slain by a kobold

Skill      XL: |  1 |
---------------+----+-----
Short Blades   | 1 |  1.3
Dodging        | 2 |  2.1
Fighting       | |  0.6
Armour         | |  0.4
Stealth        | |  3.2
Spellcasting   | |  1.7
Hexes          | |  2.4

Action                   || total
-------------------------++-------
Melee: Dagger            ||    45
  Use: Potion            ||     1
 Stab: Sleeping          ||     1
  Eat: Chunk             ||     5
Armor: Robe              ||     1
Dodge: Dodged            ||    40
